 Dungeon Crawl Stone Soup version 0.19.0-9-gfd783f2 (webtiles) character file.

582 tv1990 the Bolt Thrower (level 7, 0/48 HPs)
             Began as a Formicid Arcane Marksman on Nov 7, 2016.
             Was an Initiate of Okawaru.
             Slain by a slave (2 damage)
             ... led by Pikel
             ... on level 5 of the Dungeon.
             The game lasted 00:18:33 (6081 turns).

tv1990 the Bolt Thrower (Formicid Arcane Marksman)  Turns: 6081, Time: 00:18:34

Health: 0/48       AC:  8    Str: 15    XL:     7   Next: 63%
Magic:  8/8        EV:  6    Int: 13    God:    Okawaru [......]
Gold:   369        SH:  5    Dex: 12    Spells: 1 memorised, 7 levels left

rFire  . . .     SeeInvis +     v - +0 whip (drain)
rCold  . . .     Gourm    .     u - +0 chain mail
rNeg   . . .     Faith    .     w - +2 buckler
rPois  .         Spirit   .     (helmet unavailable)
rElec  .         Reflect  .     (no cloak)
rCorr  .         Harm     .     (no gloves)
MR     .....                    (no boots)
Stlth  ..........               (no amulet)
                                (no ring)
                                (no ring)

@: no status effects
A: permanent stasis, dig shafts and tunnels, four strong arms, antennae 3,
hooves 1
a: Dig, Shaft Self, Renounce Religion


You were on level 5 of the Dungeon.
You worshipped Okawaru.
Okawaru was noncommittal.
You were hungry.

You visited 1 branch of the dungeon, and saw 5 of its levels.

You collected 369 gold pieces.

Inventory:

Hand Weapons
 a - a +1 hand crossbow
 b - a +0 whip
 s - a +0 trident
 v - a +0 whip of draining (weapon)
Missiles
 d - 2 bolts
Armour
 e - a +0 robe
 g - a +0 ring mail
 i - a +3 large shield
 q - a +0 scale mail
 u - a +0 chain mail (worn)
 w - a +2 buckler (worn)
Scrolls
 h - a scroll of remove curse
 j - a scroll of teleportation {unknown}
 m - 2 scrolls of fear
 o - a scroll of immolation
Potions
 n - 2 potions of might
 p - a potion of curing
 r - a potion of agility {unknown}
Books
 c - a book of Debilitation

   Spells                             Type                      Level
   a - Corona                         Hexes                        1
   b - Slow                           Hexes                        2
   c - Gell's Gravitas                Hexes/Translocation          3
   d - Inner Flame                    Hexes/Fire                   3
   e - Cause Fear                     Hexes                        4
   f - Leda's Liquefaction            Hexes/Earth                  4
Comestibles
 f - 5 bread rations
 k - a meat ration
 l - 2 beef jerkies
 t - 2 chunks of flesh


   Skills:
 - Level 1.1 Fighting
 - Level 7.9 Crossbows
 - Level 1.7 Dodging
 + Level 0.0 Shields
 - Level 1.1 Spellcasting
 - Level 3.6 Hexes


You had 7 spell levels left.
You knew the following spells:

 Your Spells              Type           Power        Failure   Level  Hunger
a - Corona                Hex            ##.....      100%        1    ##.....


Dungeon Overview and Level Annotations

Branches:
Dungeon (5/15)
 Temple: D:4-7

Altars:
Dithmenos
Hepliaklqana
Kikubaaqudgha
Nemelex Xobeh
Okawaru
Qazlal
Ru
Trog
Uskayaw
The Shining One

Shops:
D:5 (


Innate Abilities, Weirdness & Mutations

You are under a permanent stasis effect.
You can dig through walls and to a lower floor.
Your four strong arms can wield two-handed weapons with a shield.
You have a pair of large antennae on your head. (SInv)
You have large cloven feet.


Message History

The slave is severely wounded.
The slave hits you.
* * * LOW HITPOINT WARNING * * *
The slave hits you.
* * * LOW HITPOINT WARNING * * *
You barely miss the slave.
The slave is severely wounded.
The slave hits you but does no damage.
You hit the slave.
The slave is almost dead.
The slave hits you.
* * * LOW HITPOINT WARNING * * *
You hit the slave. You kick the slave, but do no damage.
The slave is almost dead.
The slave hits you.
* * * LOW HITPOINT WARNING * * *
You closely miss the slave.
The slave is almost dead.
The slave hits you.
You die...

#######.......
#.........._..
#.....p.......
#.............
#.........####
###'#####....#
#####...#..#....'
##p##....'..'....#
#@#.p#..#####....#
#######'##########
#....).....#
#..........#
############


You could see a slave.

Vanquished Creatures
  A slave (D:5)
  A jelly (D:4)
  2 orc priests
  2 hounds
  An iguana (D:5)
  Ijyb (D:2)
  4 orc wizards
  4 worker ants (D:4)
  5 adders
  2 adder skeletons (D:4)
  An adder zombie (D:5)
  2 worms (D:2)
  A dart slug (D:4)
  25 orcs
  2 bats (D:3)
  6 giant cockroaches
  12 goblins
  6 hobgoblins
  5 jackals
  9 kobolds
  2 quokkas (D:4)
  4 frilled lizards
  A leopard gecko skeleton (D:5)
  A quokka skeleton (D:4)
  6 rats
  A fungus (D:3)
107 creatures vanquished.

Notes
Turn   | Place    | Note
-------+----------+-------------------------------------------
     0 | D:1      | tv1990 the Formicid Arcane Marksman began the quest for the Orb.
     0 | D:1      | Reached XP level 1. HP: 15/15 MP: 2/2
   235 | D:1      | Reached XP level 2. HP: 21/21 MP: 3/3
   445 | D:1      | Reached skill level 3 in Crossbows
  1035 | D:2      | Reached XP level 3. HP: 26/26 MP: 4/4
  1048 | D:2      | Noticed Ijyb
  1070 | D:2      | Killed Ijyb
  1070 | D:2      | Reached XP level 4. HP: 21/32 MP: 5/5
  1180 | D:2      | Found a glowing golden altar of the Shining One.
  1181 | D:2      | Reached skill level 4 in Crossbows
  1459 | D:2      | Found a sacrificial altar of Ru.
  1597 | D:2      | Found a sparkling altar of Nemelex Xobeh.
  1602 | D:2      | Found a shadowy altar of Dithmenos.
  1602 | D:2      | Found an ancient bone altar of Kikubaaqudgha.
  1602 | D:2      | Found a hide-covered altar of Uskayaw.
  2036 | D:3      | Reached skill level 5 in Crossbows
  2036 | D:3      | Reached XP level 5. HP: 20/37 MP: 6/6
  2193 | D:3      | Found a faded altar of an unknown god.
  2193 | D:3      | Found a faded altar of an unknown god.
  2250 | D:3      | Found a faded altar of an unknown god.
  2252 | D:3      | Found a hazy altar of Hepliaklqana.
  2253 | D:3      | Found a faded altar of an unknown god.
  2846 | D:3      | Found a bloodstained altar of Trog.
  3043 | D:4      | Reached XP level 6. HP: 16/43 MP: 7/7
  3225 | D:4      | Reached skill level 6 in Crossbows
  3548 | D:4      | Gained mutation: You have large cloven feet. [potion of beneficial mutation]
  3898 | D:5      | Entered Level 5 of the Dungeon
  4141 | D:5      | Found Gotoicue's Weapon Shoppe.
  4238 | D:5      | Found a stormy altar of Qazlal.
  4288 | D:4      | Reached XP level 7. HP: 11/48 MP: 8/8
  4561 | D:4      | Reached skill level 7 in Crossbows
  5032 | D:4      | Found an iron altar of Okawaru.
  5036 | D:4      | Became a worshipper of Warmaster Okawaru
  5956 | D:5      | Found a stormy altar of Qazlal.
  6080 | D:5      | HP: 2/48 [slave[Pikel] (6)]
  6081 | D:5      | Slain by a slave

Skill      XL: |  1  2  3  4  5  6  7 |
---------------+----------------------+-----
Crossbows      | 3 5 6 7 |  7.9
Fighting       | |  1.1
Dodging        | |  1.7
Spellcasting   | |  1.1
Hexes          | |  3.6

Action                   |  1- 3 |  4- 6 |  7- 9 || total
-------------------------+-------+-------+-------++-------
Melee: Unarmed           |    17 |       |       ||    17
       Whip              |       |   208 |   147 ||   355
       Kick              |       |    20 |    51 ||    71
       Trident           |       |       |    62 ||    62
 Fire: Hand crossbow     |    56 |   155 |    14 ||   225
 Abil: Dig               |       |     8 |     4 ||    12
  Use: Scroll            |       |    10 |     2 ||    12
       Potion            |       |     3 |     1 ||     4
  Eat: Chunk             |       |    11 |     5 ||    16
       Pizza             |       |       |     1 ||     1
Armor: Robe              |     1 |       |       ||     1
       Ring mail         |     3 |    35 |       ||    38
       Skin              |       |    11 |       ||    11
       Scale mail        |       |    69 |    44 ||   113
       Chain mail        |       |       |    54 ||    54
Dodge: Dodged            |    17 |    52 |    58 ||   127
Block: Large shield      |     5 |   167 |       ||   172
       Buckler           |       |       |     8 ||     8

Table legend:
 A = Turns spent in this place as a percentage of turns spent in the entire game.
 B = Non-inter-level travel turns spent in this place as a percentage of non-inter-level travel turns spent in the entire game.
 C = Inter-level travel turns spent in this place as a percentage of turns spent in this place.
 D = Turns resting spent in this place as a percentage of non-inter-level travel turns spent in this place.
 E = Turns spent auto-exploring this place as a percentage of non-inter-level travel turns spent in this place.
 F = Non-inter-level travel turns spent in this place divided by the number of levels of this place that you've seen.
                   A       B       C       D       E      F
               +-------+-------+-------+-------+-------+----------------------
         Total | 100.0 | 100.0 |   0.3 |   3.5 |  14.2 | 281.0
       Dungeon | 100.0 | 100.0 |   0.3 |   3.5 |  14.2 | 281.0
               +-------+-------+-------+-------+-------+----------------------

Table legend:
 A = Kills in this place as a percentage of kills in entire the game.
 B = Kills by you in this place as a percentage of kills by you in the entire game.
 C = Kills by friends in this place as a percentage of kills by friends in the entire game.
 D = Other kills in this place as a percentage of other kills in the entire game.
 E = Experience gained in this place as a percentage of experience gained in the entire game.
 F = Experience gained in this place divided by the number of levels of this place that you have seen.
                   A       B       C       D       E      F
               +-------+-------+-------+-------+-------+----------------------
         Total | 100.0 | 100.0 |  -nan |  -nan | 100.0 | 166.4
       Dungeon | 100.0 | 100.0 |  -nan |  -nan | 100.0 | 166.4
               +-------+-------+-------+-------+-------+----------------------

Vault maps used:
D:1:      kilobyte_arrival_exit_the_forest, grunt_decor_clamped
D:2:      lemuel_round_altar, nicolae_ru_path_of_blood, minitemple, uniq_iyjb
D:3:      chequers_temple_overflow_minitemple, lemuel_doored_altar,
          minmay_gold_behind_fungi, minmay_goblin_kobold_house
D:4:      overflow_temple_1_default
D:5:      grunt_qazlal_clouds, serial_shops, shop, first_bread, basic_altar,
          uniq_pikel
